 Dungeon Crawl Stone Soup version 0.30.1-11-g7821555f0a (webtiles) character file.

Game seed: 4688168273547754835

521785 jfcaron the Evocator (level 25, -19/208 (211) HPs)
             Began as a Gnoll Ice Elementalist on Nov 20, 2023.
             Was an Initiate of Gozag.
             Killed from afar by a deep elf high priest (41 damage)
             ... with damnation
             ... on level 5 of the Vaults on Nov 22, 2023.
             The game lasted 04:39:43 (76667 turns).

jfcaron the Evocator (Gnoll Ice Elementalist)      Turns: 76667, Time: 04:39:44

HP:   -19/208 (211) AC: 28    Str: 16    XL:     25   Next: 91%
MP:   32/45         EV: 23    Int: 31    God:    Gozag
Gold: 20058         SH: 16    Dex: 12    Spells: 2/60 levels left

rFire   + + .        c - +9 demon trident (drain)
rCold   + . .        h - +2 kite shield
rNeg    . . .        U - +2 robe {Archmagi}
rPois   .            D - +1 helmet
rElec   .            m - +2 cloak of the Sneaky Artisans {Str-4 Int+8}
rCorr   .            N - +2 pair of gloves
SInv    .            f - +2 pair of slick slippers {slick, slippery, EV+4}
Will    +....        p - amulet of Etsoarr {rF++ rC+ Regen+ Str+6}
Stlth   +++++++      r - ring of wizardry
HPRegen 1.34/turn    t - ring of the Tortoise {AC+8}
MPRegen 0.29/turn

%: wizardry (x1), archmagi
@: brilliant, gold aura, very slightly contaminated, hasted, studying 2 skills,
lightly drained, very quick
A: fangs 1, strong nose, distributed training, iridescent scales 1, strong 1
}: 2/15 runes: barnacled, gossamer
a: Renounce Religion, Potion Petition, Call Merchant, Bribe Branch


You were on level 5 of the Vaults.
You worshipped Gozag.
Gozag was extremely pleased with you.
You visited 10 branches of the dungeon, and saw 46 of its levels.
You visited the Abyss 1 time.
You also visited: Sewer, Bailey and Gauntlet.

You collected 26304 gold pieces.
You spent 4048 gold pieces at shops.
You paid 2198 gold pieces to Gozag.

Inventory:

Hand Weapons
 a - the +3 Elemental Staff {rElec rF+ rC+ AC+3}
   (You acquired it on level 1 of the Shoals)

   It enhances your fire, ice, earth and air magic.
   AC:        It affects your AC (+3).
   rF:        It protects you from fire.
   rC:        It protects you from cold.
   rElec:     It insulates you from electricity.
 b - a +5 trishula of holy wrath
   (You took it off Mennas on level 3 of the Vaults)
 c - a +9 demon trident of draining (weapon)
   (You took it off a merfolk impaler on level 2 of the Orcish Mines)
 x - the +2 hand crossbow of Chance {elec, *Slow rC+ Will+ Int+3}
   (You bought it in a shop on level 3 of the Depths)

   Int:       It affects your intelligence (+3).
   rC:        It protects you from cold.
   *Slow:     It may slow you when you take damage.
   Will:      It increases your willpower.
Missiles
 y - 17 silver javelins {!f}
 J - 13 javelins
 O - 9 datura-tipped darts {!f}
 Q - 7 throwing nets {!f}
Armour
 f - the +2 pair of slick slippers (worn) {slick, slippery, EV+4}
   (You found it on level 3 of the Vaults)

   Slick:     Its wearer cannot be constricted, engulfed, netted or webbed.
   Slippery:  Its wearer slips away from damaging melee attacks, pulling the
   attacker onward.
   EV:        It affects your evasion (+4).
 h - a +2 kite shield (worn)
 m - the +2 cloak of the Sneaky Artisans (worn) {Str-4 Int+8}
   (You acquired it on level 3 of the Vaults)

   Str:       It affects your strength (-4).
   Int:       It affects your intelligence (+8).
 D - a +1 helmet (worn)
 N - a +2 pair of gloves (worn)
 U - a +2 robe of the Archmagi (worn)
   (You took it off an orc wizard on level 10 of the Dungeon)
Magical Staves
 L - the staff of fire "Nuolaah" {rF+ SInv}
   (You found it in a Gauntlet)

   [staff of fire]

   Base accuracy: +5 Base damage: 5 Base attack delay: 1.2 This weapon's minimum
   attack delay (0.6) is reached at skill level 12.
   rF:        It protects you from fire.
   SInv:      It lets you see invisible.
   It falls into the 'Staves' category.
   It is a one-handed weapon.
Jewellery
 p - the amulet of Etsoarr (around neck) {rF++ rC+ Regen+ Str+6}
   (You found it in a Gauntlet)

   [amulet of regeneration]

   Str:       It affects your strength (+6).
   rF:        It greatly protects you from fire.
   rC:        It protects you from cold.
   Regen:     It increases your rate of health regeneration.
 r - a ring of wizardry (left hand)
   (You found it on level 11 of the Dungeon)
 t - the ring of the Tortoise (right hand) {AC+8}
   (You found it on level 4 of the Shoals)

   [ring of protection]

   AC:        It affects your AC (+8).
 Y - a ring of willpower
   (You found it on level 2 of the Vaults)
Wands
 d - a wand of acid (30)
   (You found it on level 1 of the Elven Halls)
 n - a wand of paralysis (18)
   (You found it on level 1 of the Lair of Beasts)
 F - a wand of digging (9)
   (You found it on level 1 of the Vaults)
 I - a wand of roots (34)
   (You found it in a Gauntlet)
 S - a wand of mindburst (15)
Scrolls
 i - 6 scrolls of vulnerability
 j - 5 scrolls of butterflies
 l - 14 scrolls of teleportation
 z - 7 scrolls of fog
 A - 11 scrolls of fear
 E - 7 scrolls of magic mapping
 M - 10 scrolls of poison
 P - 3 scrolls of blinking
 W - 3 scrolls of silence
Potions
 g - 6 potions of flight
 k - 2 potions of heal wounds
 o - 21 potions of curing
 q - 10 potions of magic
 u - 2 potions of mutation
 v - 9 potions of might
 w - 7 potions of brilliance
 C - 7 potions of lignification
 G - 10 potions of haste
 H - 6 potions of invisibility
 T - 6 potions of resistance
 X - 3 potions of ambrosia
Miscellaneous
 s - a box of beasts
   (You found it on level 2 of the Spider Nest)
 B - a phantom mirror
   (You found it on level 4 of the Shoals)
 K - a lightning rod (4/4)
   (You found it in a Gauntlet)
 Z - a condenser vane (inert)
   (You found it on level 5 of the Lair of Beasts)


   Skills:
 + Level 20.2 Fighting
 + Level 17.7 Short Blades
 + Level 17.7 Long Blades
 + Level 17.7 Axes
 + Level 17.7 Maces & Flails
 + Level 17.7 Polearms
 + Level 17.7 Staves
 + Level 17.7 Ranged Weapons
 + Level 17.7 Throwing
 + Level 17.7 Armour
 + Level 18.2 Dodging
 + Level 18.2 Stealth
 + Level 17.7 Shields
 + Level 17.7 Unarmed Combat
 + Level 18.3 Spellcasting
 + Level 15.1 Conjurations
 + Level 15.1 Hexes
 + Level 15.1 Summonings
 + Level 15.1 Necromancy
 + Level 15.1 Translocations
 + Level 15.1 Transmutations
 + Level 15.1 Fire Magic
 + Level 16.5 Ice Magic
 + Level 15.1 Air Magic
 + Level 15.1 Earth Magic
 + Level 15.1 Poison Magic
 + Level 19.2 Invocations
 + Level 23.5 Evocations


You had 2 spell levels left.
You knew the following spells:

 Your Spells              Type           Power      Damage    Failure   Level
a - Summon Lightning Spi  Summ/Air       100%       N/A       1%          4
b - Frozen Ramparts       Ice            100%       1d16      0%          3
c - Yara's Violent Unrav  Hex/Tmut       67%        3d25      1%          5
d - Summon Ice Beast      Ice/Summ       100%       N/A       1%          4
e - Blink                 Tloc           100%       N/A       0%          2
f - Olgreb's Toxic Radia  Pois           100%       N/A       1%          4
g - Freezing Cloud        Conj/Ice/Air   68%        6-21      1%          5
h - Statue Form           Tmut/Erth      90%        N/A       1%          6
i - Ozocubu's Refrigerat  Ice            69%        4d22      1%          7
j - Dispel Undead         Necr           100%       3d31      1%          4
k - Iron Shot             Conj/Erth      67%        9d12      1%          6
l - Infestation           Necr           67%        N/A       12%         8

Your spell library contained the following spells:

 Spells                   Type           Power      Damage    Failure   Level
 Apportation              Tloc           100%       N/A       0%          1
 Freeze                   Ice            100%       1d10      0%          1
 Kiss of Death            Conj/Necr      100%       2d13      0%          1
 Necrotise                Necr           100%       1d9       0%          1
 Sandblast                Erth           100%       2d20      0%          1
 Shock                    Conj/Air       100%       1d9       0%          1
 Sting                    Tmut/Pois      100%       1d8       0%          1
 Summon Small Mammal      Summ           100%       N/A       0%          1
 Call Imp                 Summ           100%       N/A       0%          2
 Cigotuvi's Dreadful Rot  Necr/Pois/Air  100%       N/A       0%          2
 Ensorcelled Hibernation  Hex/Ice        100%       N/A       0%          2
 Lesser Beckoning         Tloc           100%       N/A       0%          2
 Momentum Strike          Conj/Tloc      100%       3d10      0%          2
 Passwall                 Tmut/Erth      100%       N/A       0%          2
 Poisonous Vapours        Pois/Air       100%       N/A       0%          2
 Sublimation of Blood     Necr           100%       N/A       0%          2
 Call Canine Familiar     Summ           100%       N/A       0%          3
 Confusing Touch          Hex            100%       N/A       0%          3
 Hailstorm                Conj/Ice       100%       3d20      0%          3
 Ignite Poison            Fire/Tmut/Pois 100%       N/A       0%          3
 Mephitic Cloud           Conj/Pois/Air  100%       N/A       0%          3
 Ozocubu's Armour         Ice            100%       N/A       0%          3
 Portal Projectile        Hex/Tloc       100%       N/A       0%          3
 Spider Form              Tmut/Pois      100%       N/A       0%          3
 Stone Arrow              Conj/Erth      100%       3d13      0%          3
 Summon Guardian Golem    Hex/Summ       100%       N/A       0%          3
 Swiftness                Air            100%       N/A       0%          3
 Tukima's Dance           Hex            100%       N/A       0%          3
 Vampiric Draining        Necr           100%       2d13      0%          3
 Airstrike                Air            67%        2d(10-26) 1%          4
 Anguish                  Hex/Necr       67%        N/A       1%          4
 Ice Form                 Ice/Tmut       100%       N/A       1%          4
 Iskenderun's Mystic Bla  Conj/Tloc      100%       2d19      1%          4
 Passage of Golubria      Tloc           100%       N/A       1%          4
 Petrify                  Tmut/Erth      100%       N/A       1%          4
 Sticky Flame             Conj/Fire      100%       2d11      1%          4
 Agony                    Necr           100%       N/A       1%          5
 Alistair's Intoxication  Tmut/Pois      90%        N/A       1%          5
 Borgnjor's Vile Clutch   Necr/Erth      67%        N/A       1%          5
 Irradiate                Conj/Tmut      67%        3d34      1%          5
 Lee's Rapid Deconstruct  Erth           67%        3d31*     1%          5
 Metabolic Englaciation   Hex/Ice        68%        N/A       1%          5
 Silence                  Hex/Air        67%        N/A       1%          5
 Summon Mana Viper        Hex/Summ       100%       N/A       1%          5
 Death Channel            Necr           67%        N/A       1%          6
 Eringya's Noxious Bog    Tmut/Pois      67%        N/A       1%          6
 Summon Cactus Giant      Summ           67%        N/A       1%          6
 Haunt                    Necr/Summ      67%        N/A       1%          7
 Monstrous Menagerie      Summ           67%        N/A       1%          7
 Borgnjor's Revivificati  Necr           67%        N/A       12%         8
 Discord                  Hex            67%        N/A       12%         8
 Ignition                 Fire           67%        3d18      12%         8
 Lehudib's Crystal Spear  Conj/Erth      67%        10d15     12%         8
 Polar Vortex             Ice            69%        N/A       65%         9
 Death's Door             Necr           67%        N/A       83%         9
 Dragon's Call            Summ           67%        N/A       83%         9
 Fire Storm               Conj/Fire      67%        8d17      83%         9
 Simulacrum               Ice/Necr       Unusable   N/A       N/A         6

Dungeon Overview and Level Annotations

Branches:
Dungeon (15/15)            Temple (1/1) D:4            Lair (5/5) D:11
 Shoals (4/4) Lair:2       Spider (4/4) Lair:2        Slime (0/5) Lair:5
    Orc (2/2) D:10            Elf (3/3) Orc:2        Vaults (5/5) D:13
  Crypt (3/3) Vaults:2       Tomb (0/3) Crypt:3      Depths (4/4) D:15
    Zot (0/5) Depths:4      Sewer (visited)          Bailey (visited)
Gauntlet (visited)

Altars:
Ashenzari
Cheibriados
Dithmenos
Elyvilon
Fedhas
Gozag
Hepliaklqana
Kikubaaqudgha
Makhleb
Nemelex Xobeh
Okawaru
Qazlal
Ru
Sif Muna
Trog
Uskayaw
Vehumet
Wu Jian
Xom
Yredelemnul
Zin
The Shining One
Jiyva

Shops:
D:5 ((!   D:6 :   D:11 *   Orc:2 :*([   Elf:2 =   Elf:3 :!(   Shoals:2 *
Vaults:1 *   Vaults:2 :   Depths:3 ((   Depths:4 =:=

Portals:
Hell: Depths:1 Depths:2 Depths:3 Depths:4
Abyss: Depths:3
Pandemonium: Depths:2 Depths:3
Ziggurat: Depths:4

Annotations:
Depths:1 3 runed translucent doors, Grendle's ghost, adept KoMo


Innate Abilities, Weirdness & Mutations

You have very sharp teeth.
Your uncanny sense of smell can sniff out nearby items.
Your experience applies equally to all skills.
You are partially covered in iridescent scales. (AC +2)
Your muscles are strong. (Str +4, Int/Dex -1)


Message History

The yaktaur captain shoots a bolt.
The bolt hits you!
* * * LOW HITPOINT WARNING * * *
You feel much better.
The grasping roots constrict the ghostly quicksilver dragon!!!
The grasping roots constrict the vault warden!!
The roots release their grip on the vault warden.
The ghostly quicksilver dragon escapes!
The deep elf sorcerer points at you and mumbles some strange words.
The sphere of damnation explodes!
The damnation engulfs you!!
* * * LOW HITPOINT WARNING * * *
The yaktaur captain is distracted by your dazzling golden aura.
The ghostly quicksilver dragon breathes dispelling energy at you.
The bolt of dispelling energy hits you!
Your magical effects are unravelling.
* * * LOW HITPOINT WARNING * * *
The deep elf sorcerer points at you and mumbles some strange words.
The bolt of acid hits you.
* * * LOW HITPOINT WARNING * * *
You hear a deafening roar!
The yaktaur captain shouts!
You hear a deafening roar!
Okay, then.
Unknown command. [a] - 630 gold - heal wounds, curing, berserk rage, might and brilliance [b] - 594 gold - brilliance, magic, haste and heal wounds [c] - 286 gold - heal wounds, curing and berserk rage Purchase which effect?
You feel clever all of a sudden. Magic courses through your body.
You feel yourself speed up.
You feel much better.
You revert to your normal fleshy form.
Your +2 pair of gloves unmelds from your body.
The +2 pair of slick slippers {slick, slippery, EV+4} unmelds from your body.
Your +2 robe of the Archmagi unmelds from your body.
You feel powerful.
The yaktaur captain is no longer distracted by gold.
You kill the vault warden!
The deep elf high priest mumbles some strange prayers to its god against you.
The sphere of damnation explodes!
The damnation engulfs you!!!
You die...
Your body crumbles into a pile of gold.

....#.... ...$#...
.......
......##################
$$).$e...§..............
)<<)).BWp§...D.........c
<$$<).pe..e$e...........
)<<$)pCe.p.Ce...@.......
$))$)D##################
$))$...... $ ..$.#......
..$.#C..##.. ....#..## .
∆ ....#..# ∆∆∆ ....#..C
∆


You could see a frost giant (empowered, very poisoned), a ghostly quicksilver
dragon, a ghostly vault warden (empowered), a yaktaur captain, a deep elf death
mage (empowered, poisoned), a deep elf sorcerer (fast, empowered, very poisoned)
and a deep elf high priest (brilliance aura, very poisoned).

Vanquished Creatures
  A dread lich (Depths:3)
  An ancient lich (Vaults:5)
  Mennas (Vaults:3)
  Sojobo (Depths:4)
  The ghost of Cuucabuana the Slayer, a veteran MiGl of Okawaru (Elf:2)
  Saint Roka (Orc:2)
  Margery (Depths:3)
  4 caustic shrikes (Depths:4)
  A golden dragon (Depths:4)
  Arachne (Spider:3)
  Jory (Crypt:1)
  2 tentacled monstrosities
  Rupert (D:14)
  2 deep elf blademasters (Elf:3)
  A titan (Depths:3)
  A sphinx (Depths:4)
  4 ancient champions
  Gastronok (D:8)
  2 krakens
  Kirke (Lair:4)
  Roxanne (D:15)
  10 shadow dragons
  Donald (Orc:2)
  3 tengu reavers (Depths:4)
  2 revenants
  A fenstrider witch (shapeshifter) (Elf:2)
  6 fire giants
  6 emperor scorpions
  3 iron dragons
  13 vault wardens
  8 frost giants
  3 deep elf sorcerers (Elf:3)
  A caustic shrike zombie (Crypt:2)
  Aizul (Vaults:1)
  2 juggernaut zombies
  2 curse skulls
  The ghost of laqueoix the Severer, a journeyman MiFi of Uskayaw (Orc:2)
  A draconian scorcher (Depths:4)
  4 ghost moths
  An orc warlord (Vaults:4)
  The ghost of Bityczex the Eclecticist, an adept DEFE of Sif Muna (Shoals:1)
  A draconian shifter (Depths:4)
  6 deep elf elementalists (Elf:3)
  2 spriggan defenders
  6 ghouls
  20 ironbound preservers
  16 stone giants
  14 ironbound thunderhulks
  18 very ugly things
  A green draconian (Depths:4)
  6 deep elf demonologists
  2 yellow draconians (Depths:4)
  25 vampire knights
  6 deep elf annihilators
  A red draconian (Depths:4)
  10 spark wasps
  A purple draconian (Depths:4)
  2 white draconians (Depths:4)
  8 dire elephants
  A minotaur (Gauntlet)
  11 deep elf death magi
  10 ettins
  Snorg (D:10)
  3 eidola
  10 merfolk javelineers
  Josephine (D:10)
  7 deep elf high priests
  12 merfolk impalers
  4 fire dragons
  13 jiangshi
  The ghost of middlethird the Carver, a journeyman VSMo of Kikubaaqudgha (Lair:2)
  6 great orbs of eyes
  4 spriggan zombies (Crypt:3)
  7 yaktaur captains
  8 ice dragons
  7 rakshasas
  An ogre mage (Orc:2)
  7 entropy weavers
  8 centaur warriors
  2 spriggan air magi
  8 ironbound frosthearts
  A peacekeeper (Vaults:4)
  4 jorogumos (Spider:1)
  28 vault guards
  5 hydras
  2 merfolk avatars
  A catoblepas (Lair:5)
  3 merfolk aquamancers (Shoals:4)
  A two-headed ogre (shapeshifter) (Depths:2)
  7 two-headed ogres
  7 boulder beetles
  2 satyrs
  An Orb Guardian zombie (Crypt:2)
  3 alligator snapping turtles
  34 dancing weapons
  3 death knights (Crypt:1)
  A fenstrider witch skeleton (Crypt:1)
  A naga warrior (Orc:2)
  8 deep troll shamans
  2 orc high priests
  3 radroaches
  An alligator (shapeshifter) (Elf:2)
  10 tengu warriors
  18 vampire magi
  16 death yaks
  5 spriggan berserkers
  A soul eater (Depths:3)
  A bennu skeleton (Crypt:2)
  3 deep troll earth magi
  2 titan zombies (Crypt:3)
  19 deep elf knights
  13 hell knights
  5 iron trolls
  8 skysharks
  28 skeletal warriors
  A storm dragon zombie (Crypt:3)
  A fire crab (shapeshifter) (D:14)
  4 shadow wraiths
  5 pharaoh ants
  A sun moth (Spider:2)
  13 sea snakes
  An iron giant zombie (Crypt:2)
  A sixfirhy (D:9)
  An anaconda zombie (Crypt:3)
  11 ironbound convokers
  Lodul (D:10)
  6 steelbarb worms
  2 glowing orange brains
  7 flayed ghosts
  60 deep trolls
  A bog body (Crypt:2)
  A deep troll (shapeshifter) (Elf:2)
  5 golden dragon zombies
  7 orb spiders
  13 phantasmal warriors
  16 deep elf archers
  42 deep elf zephyrmancers
  11 necromancers
  2 sphinx zombies
  5 lindwurms (Vaults:1)
  5 orc knights (Orc:2)
  8 wizards
  11 harpies
  A wolf spider zombie (D:15)
  35 deep elf pyromancers
  21 wolf spiders
  37 ugly things
  6 cyclopes
  8 orc sorcerers
  A sphinx skeleton (Depths:3)
  An oklob plant (Lair:4)
  A frost giant zombie (Depths:3)
  2 frost giant skeletons (Depths:1)
  A shining eye (Gauntlet)
  A salamander (shapeshifter) (D:15)
  14 manticores
  7 fauns (Shoals:2)
  19 elephants
  A rust devil (Abyss:2)
  An eleionoma skeleton (Crypt:3)
  8 moths of wrath
  11 merfolk sirens
  Maurice (D:9)
  A jorogumo skeleton (Crypt:3)
  6 torpor snails
  A dire elephant zombie (Crypt:2)
  A stone giant skeleton (Depths:1)
  4 water nymphs
  3 centaur zombies
  21 vault sentinels
  10 black mambas
  A water nymph (shapeshifter) (Depths:3)
  A gargoyle (D:13)
  An orange demon (Depths:2)
  12 demonic crawlers
  2 centaur skeletons (D:15)
  A pale draconian zombie (Crypt:3)
  A shock serpent skeleton (Crypt:3)
  24 cane toads
  2 rime drakes
  25 yaktaurs
  11 komodo dragons
  An efreet (D:14)
  5 unseen horrors
  Psyche (D:10)
  A swamp worm zombie (Crypt:3)
  An unseen horror skeleton (Crypt:3)
  A death yak skeleton (Crypt:2)
  A tengu conjurer (Depths:2)
  2 freezing wraiths
  4 kobold demonologists (D:14)
  A pale draconian skeleton (Crypt:2)
  8 wind drakes
  2 tyrant leeches (Lair:5)
  2 polar bears (shapeshifter) (D:13)
  3 meliai (Spider:4)
  A meliai (shapeshifter) (D:13)
  8 trolls
  8 hornets
  21 blink frogs
  2 merfolk (shapeshifter)
  15 merfolk
  A wolf spider simulacrum (D:15)
  11 snapping turtles
  A blink frog (shapeshifter) (Elf:2)
  24 tarantellas
  A raiju (Gauntlet)
  23 slime creatures
  Sigmund (D:3)
  2 air elementals
  33 jumping spiders
  An ettin zombie (Crypt:2)
  24 culicivoras
  A jumping spider (shapeshifter) (Elf:1)
  3 spriggans
  21 vampires
  10 water elementals
  4 wyverns
  A hog (shapeshifter) (D:13)
  52 yaks
  A fire elemental (Elf:1)
  13 wraiths
  6 basilisks
  3 hogs (Lair:4)
  2 neqoxecs (Gauntlet)
  3 steam dragons
  67 redbacks
  5 vampire mosquitoes (Lair:5)
  2 harpy simulacra (Crypt:2)
  3 wargs (Orc:2)
  A warg (shapeshifter) (Elf:2)
  Edmund (D:4)
  2 acid dragons
  9 water moccasins
  A water moccasin (shapeshifter) (D:15)
  3 floating eyes
  4 ice beasts
  34 orc warriors
  A snapping turtle zombie (Crypt:3)
  2 sky beasts (D:7)
  2 black bears (shapeshifter)
  An ice beast (shapeshifter) (Elf:1)
  11 centaurs
  18 ogres
  3 boggarts (Vaults:2)
  19 wolves
  A fire crab zombie (Crypt:3)
  4 kobold brigands
  5 earth elementals
  13 bullfrogs
  A draconian skeleton (Crypt:3)
  A necrophage (Crypt:2)
  A scorpion (D:5)
  9 gnoll sergeants
  A cyclops skeleton (Crypt:2)
  14 wights
  8 killer bees
  5 howler monkeys
  7 electric eels
  A crimson imp (D:10)
  A bullfrog zombie (Crypt:1)
  17 orc priests
  6 jellies
  2 sleepcaps
  4 hounds
  7 gnoll boudas
  7 iguanas
  23 orc wizards
  4 polar bear simulacra (D:13)
  A boggart skeleton (Crypt:1)
  2 yak simulacra (D:13)
  4 wolf simulacra (D:13)
  2 tengu zombies
  24 gnolls
  11 adders
  3 shadow imps
  An ufetubus (D:5)
  A jelly zombie (Crypt:3)
  An adder zombie (Crypt:2)
  5 worms
  3 dart slugs
  56 orcs
  3 bats
  14 endoplasms
  6 giant cockroaches
  9 goblins
  7 hobgoblins
  12 jackals
  A jackal (shapeshifter) (Elf:2)
  6 quokkas
  19 ball pythons
  4 frilled lizards
  A frilled lizard zombie (Crypt:1)
  A hobgoblin skeleton (Crypt:3)
  26 kobolds
  8 rats
  A rat skeleton (Crypt:1)
  A river rat simulacrum (D:13)
  8 tentacles
2073 creatures vanquished.

Notes
Turn   | Place    | Note
-------+----------+-------------------------------------------
     0 | D:1      | jfcaron the Gnoll Ice Elementalist began the quest for the
                  | Orb.
     0 | D:1      | Reached XP level 1. HP: 13/13 MP: 6/6
   163 | D:1      | Reached XP level 2. HP: 19/19 MP: 5/7
   537 | D:1      | Reached skill level 5 in Spellcasting
   537 | D:1      | Reached XP level 3. HP: 23/25 MP: 6/9
   541 | D:1      | Learned a level 3 spell: Frozen Ramparts
   545 | D:1      | Learned a level 3 spell: Ozocubu's Armour
   607 | D:1      | Reached skill level 1 in Invocations
   854 | D:1      | Reached skill level 1 in Fighting
   854 | D:1      | Reached skill level 1 in Short Blades
   854 | D:1      | Reached skill level 1 in Long Blades
   854 | D:1      | Reached skill level 1 in Axes
   854 | D:1      | Reached skill level 1 in Maces & Flails
   854 | D:1      | Reached skill level 1 in Polearms
   854 | D:1      | Reached skill level 1 in Staves
   854 | D:1      | Reached skill level 1 in Ranged Weapons
   854 | D:1      | Reached skill level 1 in Throwing
   854 | D:1      | Reached skill level 1 in Armour
   854 | D:1      | Reached skill level 1 in Shields
   854 | D:1      | Reached skill level 1 in Unarmed Combat
   854 | D:1      | Reached skill level 1 in Evocations
  1277 | D:2      | Reached XP level 4. HP: 18/32 MP: 9/11
  1285 | D:2      | Learned a level 4 spell: Summon Ice Beast
  1374 | D:2      | Reached skill level 1 in Conjurations
  1374 | D:2      | Reached skill level 1 in Hexes
  1374 | D:2      | Reached skill level 1 in Summonings
  1374 | D:2      | Reached skill level 1 in Necromancy
  1374 | D:2      | Reached skill level 1 in Translocations
  1374 | D:2      | Reached skill level 1 in Transmutations
  1374 | D:2      | Reached skill level 1 in Fire Magic
  1374 | D:2      | Reached skill level 1 in Air Magic
  1374 | D:2      | Reached skill level 1 in Earth Magic
  1374 | D:2      | Reached skill level 1 in Poison Magic
  1493 | D:2      | Found Riennagh's Magic Scroll Emporium.
  1509 | D:2      | Bought a scroll of teleportation for 33 gold pieces
  1566 | D:2      | Reached XP level 5. HP: 37/37 MP: 12/12
  2318 | D:3      | Noticed Sigmund
  2327 | D:3      | Killed Sigmund
  2328 | D:3      | Reached skill level 5 in Dodging
  2328 | D:3      | Reached skill level 2 in Evocations
  2328 | D:3      | Reached XP level 6. HP: 18/44 MP: 7/14
  2535 | D:3      | Learned a level 2 spell: Blink
  2640 | D:3      | Found a faded altar of an unknown god.
  2700 | D:2      | Bought a scroll of magic mapping for 82 gold pieces
  3426 | D:2      | Bought a scroll of identify for 22 gold pieces
  3596 | D:4      | Noticed Edmund
  3690 | D:4      | Killed Edmund
  3691 | D:4      | Reached XP level 7. HP: 51/51 MP: 9/15
  3897 | D:4      | Found a staircase to the Ecumenical Temple.
  3915 | Temple   | Entered the Ecumenical Temple
  3915 | Temple   | Found a transporter.
  3915 | Temple   | Found a transporter.
  3917 | Temple   | Found a transporter.
  3917 | Temple   | Found a transporter.
  3991 | Temple   | Became a worshipper of Gozag Ym Sagoz the Greedy
  4266 | D:5      | Entered Level 5 of the Dungeon
  4452 | D:5      | Found Teypeh's Weapon Shoppe.
  4467 | D:5      | Found Xuxtetta's Distillery.
  4472 | D:5      | Reached skill level 5 in Stealth
  4616 | D:5      | Found a sacrificial altar of Ru.
  4652 | D:5      | Bought a potion of heal wounds for 70 gold pieces
  4780 | D:5      | Reached skill level 3 in Evocations
  4780 | D:5      | Reached XP level 8. HP: 29/58 MP: 3/16
  4968 | D:5      | Bought a potion of heal wounds for 70 gold pieces
  5104 | D:5      | Found Afeaca Ridd's Weapon Shoppe.
  5213 | D:6      | Found Fuygoera's Vocational Training.
  5289 | D:6      | Found a glowing drain.
  5324 | Sewer    | Entered a sewer
  5853 | D:6      | Identified the +0 quarterstaff of the Thirteen Ships
                  | {heavy, rElec Will+++ Str-4 Stlth+}
  6005 | D:2      | Bought a scroll of enchant weapon for 82 gold pieces
  6005 | D:2      | Bought a scroll of vulnerability for 44 gold pieces
  6005 | D:2      | Bought a scroll of identify for 22 gold pieces
  6126 | D:5      | Bought a potion of invisibility for 112 gold pieces
  6710 | D:7      | Noticed a wyvern
  6721 | D:7      | Killed a wyvern
  6722 | D:7      | Reached XP level 9. HP: 42/65 MP: 12/18
  6812 | D:7      | Reached skill level 4 in Evocations
  7291 | D:7      | HP: 12/65 [wight/+3 great sword (12)]
  7291 | D:7      | HP: 4/65 [wight/sling bullet (9)]
  7297 | D:7      | HP: 12/65 [wight/+0 battleaxe (7)]
  7298 | D:7      | HP: 5/63 [wight/+3 spear (1)]
  7480 | D:7      | Reached skill level 5 in Invocations
  7818 | D:8      | Noticed a two-headed ogre
  7827 | D:8      | Killed a two-headed ogre
  7828 | D:8      | Reached skill level 5 in Fighting
  7828 | D:8      | Reached skill level 5 in Short Blades
  7828 | D:8      | Reached skill level 5 in Long Blades
  7828 | D:8      | Reached skill level 5 in Axes
  7828 | D:8      | Reached skill level 5 in Maces & Flails
  7828 | D:8      | Reached skill level 5 in Polearms
  7828 | D:8      | Reached skill level 5 in Staves
  7828 | D:8      | Reached skill level 5 in Ranged Weapons
  7828 | D:8      | Reached skill level 5 in Throwing
  7828 | D:8      | Reached skill level 5 in Armour
  7828 | D:8      | Reached skill level 5 in Shields
  7828 | D:8      | Reached skill level 5 in Unarmed Combat
  7828 | D:8      | Reached skill level 5 in Evocations
  7828 | D:8      | Reached XP level 10. HP: 74/74 MP: 13/20
  8293 | D:8      | Noticed Gastronok
  8303 | D:8      | Killed Gastronok
  8445 | D:8      | Noticed a two-headed ogre
  8453 | D:8      | Killed a two-headed ogre
  8604 | D:8      | Found a bloodstained altar of Trog.
  8740 | D:9      | Found a flagged portal.
  8740 | D:9      | Noticed a two-headed ogre
  8750 | D:9      | Killed a two-headed ogre
  8810 | Bailey   | Entered a bailey
  8980 | Bailey   | Reached skill level 6 in Evocations
  9094 | Bailey   | Learned a level 4 spell: Olgreb's Toxic Radiance
  9263 | Bailey   | Reached skill level 5 in Conjurations
  9263 | Bailey   | Reached skill level 5 in Hexes
  9263 | Bailey   | Reached skill level 5 in Summonings
  9263 | Bailey   | Reached skill level 5 in Necromancy
  9263 | Bailey   | Reached skill level 5 in Translocations
  9263 | Bailey   | Reached skill level 5 in Transmutations
  9263 | Bailey   | Reached skill level 5 in Fire Magic
  9263 | Bailey   | Reached skill level 5 in Air Magic
  9263 | Bailey   | Reached skill level 5 in Earth Magic
  9263 | Bailey   | Reached skill level 5 in Poison Magic
  9263 | Bailey   | Reached XP level 11. HP: 77/81 MP: 5/22
  9874 | D:6      | Bought a manual of Evocations for 880 gold pieces
 10108 | D:9      | Noticed Maurice
 10118 | D:9      | Killed Maurice
 10128 | D:9      | Found a blossoming altar of Fedhas.
 10137 | D:9      | Learned a level 5 spell: Freezing Cloud
 10406 | D:9      | Found a runed translucent door.
 10409 | D:9      | Noticed a sixfirhy
 10758 | D:9      | You fall into a shaft and drop 3 floors!
 10774 | D:12     | Reached skill level 7 in Evocations
 10896 | D:12     | Noticed a cyclops
 10908 | D:12     | Killed a cyclops
 10961 | D:12     | Noticed a cyclops
 10974 | D:12     | Killed a cyclops
 11294 | D:12     | Noticed a cyan ugly thing
 11411 | D:10     | Entered Level 10 of the Dungeon
 11411 | D:10     | Noticed Snorg
 12170 | D:9      | Killed a sixfirhy
 12171 | D:9      | Reached XP level 12. HP: 91/91 MP: 10/24
 12464 | D:10     | Noticed Psyche
 12469 | D:10     | Killed Psyche
 12470 | D:10     | Reached skill level 8 in Evocations
 12688 | D:10     | Noticed Josephine
 12711 | D:10     | HP: 10/77 [Josephine/ghostly fireball (22)]
 12713 | D:10     | Killed Josephine
 13261 | D:10     | Learned a level 4 spell: Anguish
 13286 | D:10     | Found a staircase to the Orcish Mines.
 13467 | D:10     | Found a radiant altar of Vehumet.
 13468 | D:10     | Found an ancient bone altar of Kikubaaqudgha.
 13808 | D:10     | Noticed Lodul
 13813 | D:10     | Killed Lodul
 14071 | D:10     | Killed Snorg
 14357 | D:11     | Reached skill level 9 in Evocations
 14725 | D:11     | Noticed a death yak
 14728 | D:11     | Found a staircase to the Lair.
 14744 | D:11     | Killed a death yak
 14753 | D:11     | Noticed a death yak
 14754 | D:11     | Noticed a death yak
 14754 | D:11     | Noticed a death yak
 14754 | D:11     | Noticed a death yak
 14754 | D:11     | Noticed a death yak
 14914 | D:11     | Noticed a death yak
 14919 | D:11     | Killed a death yak
 14922 | D:11     | Killed a death yak
 14922 | D:11     | Killed a death yak
 14923 | D:11     | Killed a death yak
 14928 | D:11     | Killed a death yak
 14929 | D:11     | Reached XP level 13. HP: 75/98 MP: 6/26
 15199 | D:11     | Reached skill level 10 in Ice Magic
 15541 | D:11     | Reached skill level 10 in Evocations
 15873 | Orc:1    | Entered Level 1 of the Orcish Mines
 16232 | Orc:2    | Entered Level 2 of the Orcish Mines
 16246 | Orc:2    | Noticed Donald
 16260 | Orc:2    | Killed Donald
 16991 | Orc:2    | Reached skill level 10 in Spellcasting
 17450 | Orc:2    | Noticed Saint Roka
 17455 | Orc:2    | HP: 17/99 [Saint Roka/divine providence (14)]
 17743 | Orc:2    | Killed Saint Roka
 17744 | Orc:2    | Reached skill level 10 in Dodging
 18023 | Orc:2    | Found Zikoom's Book Boutique.
 18042 | Orc:2    | Found Annegint's General Store.
 18074 | Orc:2    | Found a staircase to the Elven Halls.
 18311 | Orc:2    | Reached skill level 11 in Evocations
 18317 | Orc:2    | Reached skill level 10 in Stealth
 18610 | Orc:2    | Found a runed translucent gate.
 18612 | Orc:2    | Found a runed translucent gate.
 18612 | Orc:2    | Found a runed translucent gate.
 18613 | Orc:2    | Noticed a merfolk impaler
 18615 | Orc:2    | Noticed laqueoix's ghost (journeyman MiFi)
 18637 | Orc:2    | Paralysed by an orc sorcerer for 4 turns
 18646 | Orc:2    | Reached XP level 14. HP: 60/105 MP: 18/28
 18792 | Orc:2    | Found Ygguj's Antique Weapon Boutique.
 18838 | Orc:2    | Found Efaidubb's Antique Armour Boutique.
 19034 | Orc:2    | Found an iron altar of Okawaru.
 19077 | Orc:1    | Reached skill level 10 in Invocations
 19372 | Orc:2    | Bought a transparent orb for 378 gold pieces
 19372 | Orc:2    | Identified the orb of the Will of the Gods {guile, Str+4}
                  | (You bought it in a shop on level 2 of the Orcish Mines)
 19375 | Orc:2    | Bought a garnet-studded leather armour for 189 gold pieces
 19375 | Orc:2    | Identified the +1 leather armour of Whack-A-Mole {Fly rElec
                  | rF+} (You bought it in a shop on level 2 of the Orcish
                  | Mines)
 19636 | Lair:1   | Entered Level 1 of the Lair of Beasts
 19735 | Lair:1   | Found a gate leading to a gauntlet.
 19743 | Gauntlet | Entered a Gauntlet
 19743 | Gauntlet | Found a transporter.
 19743 | Gauntlet | Found a transporter.
 19843 | Gauntlet | Found a transporter.
 19847 | Gauntlet | Found a transporter.
 19855 | Gauntlet | Found a transporter.
 19859 | Gauntlet | Found a transporter.
 19868 | Gauntlet | Found a transporter.
 19883 | Gauntlet | Found a transporter.
 19902 | Gauntlet | Found a transporter.
 19903 | Gauntlet | Found a transporter.
 19916 | Gauntlet | Found a transporter.
 19917 | Gauntlet | Found a transporter.
 19956 | Gauntlet | Gained mutation: You occasionally lose the ability to read
                  | scrolls when taking damage. [a shining eye]
 19958 | Gauntlet | Gained mutation: You sometimes lose your temper in combat.
                  | [a shining eye]
 19959 | Gauntlet | Gained mutation: You are dopey. (Int -2) [a shining eye]
 19968 | Gauntlet | Got the Compendium of Cooperative Orientation
 20151 | Gauntlet | Gained mutation: Your muscles are strong. (Str +4, Int/Dex
                  | -1) [a neqoxec]
 20167 | Gauntlet | Identified the amulet of Etsoarr {rF++ rC+ Regen+ Str+6}
 20181 | Gauntlet | Lost mutation: You occasionally lose the ability to read
                  | scrolls when taking damage. [potion of mutation]
 20181 | Gauntlet | Lost mutation: You are very dopey. (Int -4) [potion of
                  | mutation]
 20181 | Gauntlet | Lost mutation: You have an uncontrollable temper. [potion
                  | of mutation]
 20181 | Gauntlet | Gained mutation: You are partially covered in iridescent
                  | scales. (AC +2) [potion of mutation]
 20406 | Gauntlet | Identified the ring of the Eleven Emperors {Drain rN+ rCorr
                  | Dex+5}
 20452 | Gauntlet | Identified the staff of fire "Nuolaah" {rF+ SInv}
 20453 | Gauntlet | Got the Tractate on Embers and Creation
 20848 | Lair:1   | Reached skill level 12 in Evocations
 20848 | Lair:1   | Reached XP level 15. HP: 115/115 MP: 25/26
 20854 | Lair:1   | Learned a level 4 spell: Summon Lightning Spire
 22078 | Lair:2   | Found a runed translucent gate.
 22079 | Lair:2   | Found a runed translucent gate.
 22080 | Lair:2   | Found a runed translucent gate.
 22245 | Lair:2   | Reached skill level 10 in Fighting
 22245 | Lair:2   | Reached skill level 10 in Short Blades
 22245 | Lair:2   | Reached skill level 10 in Long Blades
 22245 | Lair:2   | Reached skill level 10 in Axes
 22245 | Lair:2   | Reached skill level 10 in Maces & Flails
 22245 | Lair:2   | Reached skill level 10 in Polearms
 22245 | Lair:2   | Reached skill level 10 in Staves
 22245 | Lair:2   | Reached skill level 10 in Ranged Weapons
 22245 | Lair:2   | Reached skill level 10 in Throwing
 22245 | Lair:2   | Reached skill level 10 in Armour
 22245 | Lair:2   | Reached skill level 10 in Shields
 22245 | Lair:2   | Reached skill level 10 in Unarmed Combat
 22347 | Lair:2   | Found a staircase to the Shoals.
 22458 | Lair:2   | Identified the +6 quarterstaff "Haysec" {pain, rN+ Str+2}
 22700 | Lair:2   | Found a hole to the Spider Nest.
 23057 | Lair:2   | Noticed middlethird's ghost (journeyman VSMo)
 23099 | Lair:2   | Killed middlethird's ghost
 23104 | Lair:2   | Identified the +0 ring mail of Beauty {Int+3}
 23741 | Lair:3   | Found a radiant altar of Vehumet.
 24509 | Lair:4   | Identified the +0 leather armour of the Midnight Sun {rC-
                  | rN+++ Int+3 SInv}
 24535 | Lair:4   | Reached skill level 13 in Evocations
 24882 | Lair:4   | Noticed Kirke
 24889 | Lair:4   | Killed Kirke
 25431 | Lair:4   | Reached XP level 16. HP: 109/123 MP: 26/31
 25787 | Lair:5   | Entered Level 5 of the Lair of Beasts
 27144 | Lair:5   | Found a staircase to the Slime Pits.
 27507 | Lair:5   | Found a viscous altar of Jiyva.
 27784 | Lair:5   | Reached skill level 14 in Evocations
 28094 | Lair:5   | Learned a level 7 spell: Ozocubu's Refrigeration
 28894 | Orc:2    | Bought a potion of curing for 39 gold pieces
 28894 | Orc:2    | Bought a potion of berserk rage for 65 gold pieces
 28894 | Orc:2    | Bought a potion of brilliance for 52 gold pieces
 28894 | Orc:2    | Bought a scroll of fear for 52 gold pieces
 28894 | Orc:2    | Bought a wand of paralysis (6) for 187 gold pieces
 28894 | Orc:2    | Bought a scroll of vulnerability for 52 gold pieces
 28894 | Orc:2    | Bought a scroll of teleportation for 39 gold pieces
 28942 | Orc:2    | Killed laqueoix's ghost
 29352 | D:2      | Bought a scroll of poison for 44 gold pieces
 29352 | D:2      | Bought a scroll of vulnerability for 44 gold pieces
 29352 | D:2      | Bought a scroll of enchant weapon for 82 gold pieces
 29352 | D:2      | Bought a scroll of poison for 44 gold pieces
 31150 | D:13     | Found a gate to the Vaults.
 31875 | D:14     | Reached XP level 17. HP: 116/131 MP: 10/33
 32487 | D:14     | Noticed Rupert
 32500 | D:14     | Killed Rupert
 32766 | D:15     | Entered Level 15 of the Dungeon
 32838 | D:15     | Learned a level 4 spell: Dispel Undead
 33106 | D:15     | Found a white marble altar of Elyvilon.
 33395 | D:15     | Identified Roxanne's Tome of the Geologist
 33395 | D:15     | Noticed Roxanne
 33545 | D:15     | Reached skill level 15 in Evocations
 33634 | D:15     | Found a staircase to the Depths.
 33907 | D:15     | Killed Roxanne
 34118 | Spider:1 | Entered Level 1 of the Spider Nest
 34533 | Spider:1 | Reached skill level 10 in Conjurations
 34533 | Spider:1 | Reached skill level 10 in Hexes
 34533 | Spider:1 | Reached skill level 10 in Summonings
 34533 | Spider:1 | Reached skill level 10 in Necromancy
 34533 | Spider:1 | Reached skill level 10 in Translocations
 34533 | Spider:1 | Reached skill level 10 in Transmutations
 34533 | Spider:1 | Reached skill level 10 in Fire Magic
 34533 | Spider:1 | Reached skill level 10 in Air Magic
 34533 | Spider:1 | Reached skill level 10 in Earth Magic
 34533 | Spider:1 | Reached skill level 10 in Poison Magic
 35677 | Spider:1 | Identified the +4 ring mail of Awowk {Regen+}
 36747 | Spider:2 | You fall into a shaft and drop 1 floor!
 36752 | Spider:3 | Reached XP level 18. HP: 140/140 MP: 17/35
 37852 | Spider:2 | Reached skill level 16 in Evocations
 39935 | Spider:4 | Entered Level 4 of the Spider Nest
 39935 | Spider:4 | Noticed Arachne
 39947 | Spider:3 | Killed Arachne
 42337 | Spider:4 | Got a gossamer rune of Zot
 42609 | D:11     | Learned a level 6 spell: Statue Form
 42695 | Shoals:1 | Entered Level 1 of the Shoals
 43649 | Shoals:1 | Found a runed translucent door.
 43650 | Shoals:1 | Noticed Bityczex's ghost (adept DEFE)
 43834 | Shoals:1 | Killed Bityczex's ghost
 43844 | Shoals:1 | Identified the +10 dagger of Intuition {protect, rN+ Str+3}
 43989 | Shoals:1 | Found a runed translucent door.
 43996 | Shoals:1 | Identified a scroll of acquirement
 43997 | Shoals:1 | Reached XP level 19. HP: 149/149 MP: 26/36
 44006 | Shoals:1 | Reached skill level 17 in Evocations
 44076 | Shoals:1 | Acquired the +3 Elemental Staff {rElec rF+ rC+ AC+3}
 44076 | Shoals:1 | Found the +3 Elemental Staff {rElec rF+ rC+ AC+3}
 45028 | Shoals:2 | Found Elomoss's Assorted Antiques.
 46729 | Shoals:3 | Identified the +5 scale mail of the Armoured One {rN+}
 46902 | Shoals:4 | Entered Level 4 of the Shoals
 46986 | Shoals:4 | Found the ring of the Tortoise {AC+8}
 47873 | Shoals:4 | Got a barnacled rune of Zot
 48239 | Shoals:4 | Identified the +3 robe of the Squeaky God {rF+ Int+2}
 48424 | Shoals:4 | Learned a level 5 spell: Yara's Violent Unravelling
 48681 | Elf:1    | Entered Level 1 of the Elven Halls
 49334 | Elf:1    | Paralysed by an air elemental for 1 turns
 49540 | Elf:1    | Reached skill level 18 in Evocations
 49540 | Elf:1    | Reached XP level 20. HP: 158/158 MP: 30/38
 49872 | Elf:1    | Reached skill level 15 in Invocations
 50286 | Elf:2    | Found a transporter.
 50343 | Elf:2    | Found a transporter.
 50646 | Elf:2    | Found a runed translucent gate.
 50646 | Elf:2    | Found a runed translucent gate.
 50646 | Elf:2    | Found a runed translucent gate.
 50679 | Elf:2    | Noticed Cuucabuana's ghost (veteran MiGl)
 50816 | Elf:2    | Paralysed by an orc sorcerer for 3 turns
 51198 | Elf:2    | Found Gicwueg's Jewellery Shoppe.
 52162 | Elf:2    | Found a transporter.
 52182 | Elf:2    | Found a transporter.
 52817 | Elf:2    | Found Gicwueg's Jewellery Shoppe.
 52936 | Elf:2    | Found a transporter.
 53005 | Elf:2    | Killed Cuucabuana's ghost
 53006 | Elf:2    | Reached skill level 15 in Spellcasting
 53122 | Elf:2    | Identified the +2 pair of boots "Lom Xapn" {rPois Regen+}
 53208 | Elf:3    | Entered Level 3 of the Elven Halls
 53459 | Elf:3    | Identified the +7 arbalest of Jir Zyeq {drain, Stlth+}
 53465 | Elf:3    | Got Cadang's Encyclopedia of the Vulture
 53529 | Elf:3    | Found Givoupsy's Book Emporium.
 53977 | Elf:3    | Reached skill level 15 in Dodging
 54230 | Abyss:2  | Found a corrupted altar of Lugonu.
 54230 | Abyss:2  | Cast into level 2 of the Abyss (a deep elf sorcerer)
 54260 | Elf:3    | Escaped the Abyss
 54406 | Elf:3    | Reached skill level 15 in Stealth
 54406 | Elf:3    | Reached skill level 19 in Evocations
 54406 | Elf:3    | Reached XP level 21. HP: 166/166 MP: 29/40
 54413 | Elf:3    | Learned a level 6 spell: Iron Shot
 54483 | Elf:3    | Identified the +11 war axe "Vuma" {spect, rN+}
 54485 | Elf:3    | Paralysed by a deep elf zephyrmancer for 5 turns
 54711 | Elf:3    | Found Loit's Antique Weapon Emporium.
 54759 | Elf:3    | Found Pual's Distillery.
 54766 | Elf:3    | Bought a potion of magic for 128 gold pieces
 54766 | Elf:3    | Bought a potion of magic for 128 gold pieces
 54766 | Elf:3    | Bought 2 potions of curing for 96 gold pieces
 54766 | Elf:3    | Bought a potion of curing for 48 gold pieces
 54766 | Elf:3    | Bought a potion of haste for 160 gold pieces
 54766 | Elf:3    | Bought a potion of heal wounds for 80 gold pieces
 54766 | Elf:3    | Bought a potion of curing for 48 gold pieces
 54766 | Elf:3    | Bought a potion of mutation for 128 gold pieces
 54766 | Elf:3    | Bought a potion of magic for 128 gold pieces
 55033 | Elf:3    | Identified the staff of earth "Lokimpi" {*Slow rElec Str+4
                  | Int+4}
 55219 | Elf:3    | Found Loit's Antique Weapon Emporium.
 55259 | Elf:3    | Found Pual's Distillery.
 55430 | Elf:3    | Found Givoupsy's Book Emporium.
 56572 | Elf:3    | Found the +8 longbow "Zephyr" {speed, Dex+3 SInv}
 56606 | Elf:3    | Got the Essays on the Dead
 56608 | Elf:3    | Got the Treatise on Intoxication and the Winter
 57028 | D:11     | Bought a slimy platinum ring for 120 gold pieces
 57028 | D:11     | Identified the ring of the Imbibing Gods {rF+ rN+} (You
                  | bought it in a shop on level 11 of the Dungeon)
 57031 | D:11     | Bought a scroll of fog for 96 gold pieces
 57098 | Vaults:1 | Entered Level 1 of the Vaults
 57383 | Vaults:1 | Found Gacosoop's Assorted Antiques.
 57487 | Vaults:1 | Reached skill level 15 in Fighting
 58039 | Vaults:1 | Noticed Aizul
 58045 | Vaults:1 | Killed Aizul
 58844 | Vaults:2 | Found a staircase to the Crypt.
 58844 | Vaults:2 | Found an ancient bone altar of Kikubaaqudgha.
 58845 | Vaults:2 | Found a basalt altar of Yredelemnul.
 58895 | Vaults:2 | Reached skill level 15 in Short Blades
 58895 | Vaults:2 | Reached skill level 15 in Long Blades
 58895 | Vaults:2 | Reached skill level 15 in Axes
 58895 | Vaults:2 | Reached skill level 15 in Maces & Flails
 58895 | Vaults:2 | Reached skill level 15 in Polearms
 58895 | Vaults:2 | Reached skill level 15 in Staves
 58895 | Vaults:2 | Reached skill level 15 in Ranged Weapons
 58895 | Vaults:2 | Reached skill level 15 in Throwing
 58895 | Vaults:2 | Reached skill level 15 in Armour
 58895 | Vaults:2 | Reached skill level 15 in Shields
 58895 | Vaults:2 | Reached skill level 15 in Unarmed Combat
 59530 | Vaults:2 | Reached XP level 22. HP: 176/176 MP: 25/41
 59609 | Vaults:2 | Reached skill level 20 in Evocations
 59857 | Vaults:2 | Found Qoim's Book Shop.
 60478 | Vaults:3 | Noticed Mennas
 60487 | Vaults:3 | Killed Mennas
 61564 | Vaults:3 | Found the +2 pair of slick slippers {slick, slippery, EV+4}
 61613 | Vaults:3 | Acquired the +2 cloak of the Sneaky Artisans {Str-4 Int+8}
 62753 | Vaults:4 | Reached skill level 15 in Ice Magic
 64087 | Crypt:1  | Entered Level 1 of the Crypt
 64124 | Crypt:1  | Reached XP level 23. HP: 175/186 MP: 32/43
 64717 | Crypt:1  | Reached skill level 21 in Evocations
 64909 | Crypt:1  | Noticed Jory
 64923 | Crypt:1  | HP: 45/243 [Jory/crystal spear (90)]
 64924 | Crypt:1  | Killed Jory
 65281 | Crypt:2  | Paralysed by something for 3 turns
 65775 | Crypt:2  | Paralysed by something for 2 turns
 66313 | Crypt:3  | Entered Level 3 of the Crypt
 66364 | Crypt:3  | Found a staircase to the Tomb.
 67458 | Crypt:3  | Identified the +1 scale mail of an ice cave {rN++}
 67556 | Crypt:3  | Paralysed by something for 2 turns
 67904 | Crypt:3  | Identified the +1 lajatang of Cotougo {vamp, Stlth+}
 67908 | Crypt:3  | Reached XP level 24. HP: 197/197 MP: 44/44
 67929 | Crypt:3  | Paralysed by something for 2 turns
 68175 | Crypt:3  | Identified the +0 chain mail "Pypuawih" {Dex+3}
 68671 | Depths:1 | Entered Level 1 of the Depths
 68671 | Depths:1 | Found a gateway to Hell.
 68777 | Depths:1 | Found a runed translucent gate.
 68777 | Depths:1 | Found a runed translucent gate.
 68777 | Depths:1 | Found a runed translucent gate.
 68779 | Depths:1 | Noticed a juggernaut
 68783 | Depths:1 | Noticed Grendle's ghost (adept KoMo)
 68872 | Depths:1 | Found an ancient bone altar of Kikubaaqudgha.
 68962 | Depths:1 | Noticed a juggernaut
 69416 | Depths:1 | Reached skill level 22 in Evocations
 71957 | Depths:2 | Found a one-way gate leading to the halls of Pandemonium.
 72283 | Depths:3 | Found Pajydul's Weapon Boutique.
 72288 | Depths:3 | Found Qure's Antique Weapon Boutique.
 72480 | Depths:3 | Bought a smoking hand crossbow for 204 gold pieces
 72480 | Depths:3 | Identified the +2 hand crossbow of Chance {elec, *Slow rC+
                  | Will+ Int+3} (You bought it in a shop on level 3 of the
                  | Depths)
 72511 | Depths:3 | Noticed a dread lich
 72520 | Depths:3 | Killed a dread lich
 72585 | Depths:3 | HP: 41/254 [something (12)]
 72586 | Depths:3 | HP: 5/254 [cloud of acidic fog (36)]
 72593 | Depths:3 | Found a one-way gate to the infinite horrors of the Abyss.
 72801 | Depths:3 | Acquired 484 gold pieces
 72852 | Depths:3 | Got Kikubaaqudgha's Incunabulum of the Crypt
 72862 | Depths:3 | Learned a level 8 spell: Infestation
 72999 | Depths:3 | Noticed Margery
 73010 | Depths:3 | Killed Margery
 73391 | Depths:3 | Reached XP level 25. HP: 208/208 MP: 38/44
 73646 | Depths:3 | Identified the +1 sling of the Telling Soothsayer
                  | {antimagic, Will+ Int-5 Dex+6}
 74566 | Depths:4 | Entered Level 4 of the Depths
 74574 | Depths:4 | Reached skill level 23 in Evocations
 74777 | Depths:4 | Noticed Sojobo
 74794 | Depths:4 | Killed Sojobo
 74879 | Depths:4 | Found a gate to the Realm of Zot.
 74938 | Depths:4 | HP: 48/262 [caustic shrike (17)]
 74947 | Depths:4 | HP: 48/266 [acid (10)]
 74948 | Depths:4 | HP: 21/266 [acid (8)]
 74961 | Depths:4 | HP: 40/205 [caustic shrike (7)]
 74963 | Depths:4 | HP: 15/205 [acid (11)]
 74968 | Depths:4 | HP: 40/205 [caustic shrike (3)]
 75331 | Depths:4 | Reached skill level 15 in Conjurations
 75331 | Depths:4 | Reached skill level 15 in Hexes
 75331 | Depths:4 | Reached skill level 15 in Summonings
 75331 | Depths:4 | Reached skill level 15 in Necromancy
 75331 | Depths:4 | Reached skill level 15 in Translocations
 75331 | Depths:4 | Reached skill level 15 in Transmutations
 75331 | Depths:4 | Reached skill level 15 in Fire Magic
 75331 | Depths:4 | Reached skill level 15 in Air Magic
 75331 | Depths:4 | Reached skill level 15 in Earth Magic
 75331 | Depths:4 | Reached skill level 15 in Poison Magic
 75534 | Depths:4 | Found a one-way gateway to a ziggurat.
 75578 | Depths:4 | Found Curchisa's Jewellery Boutique.
 75578 | Depths:4 | Found Cupp's Book Emporium.
 75579 | Depths:4 | Found Kikhlaatu's Jewellery Boutique.
 76625 | Vaults:5 | Entered Level 5 of the Vaults
 76628 | Vaults:5 | Noticed an ancient lich
 76637 | Vaults:5 | Killed an ancient lich
 76665 | Vaults:5 | HP: 50/269 [something (11)]
 76666 | Vaults:5 | HP: 17/270 [ghostly quicksilver dragon/bolt of dispelling
                  | energy (13)]
 76667 | Vaults:5 | Killed from afar by a deep elf high priest

Illustrated notes

Levels and vault maps discovered:
D:1:      erik_arrival_triangle_large, layout_basic
D:2:      layout_loops_ring, serial_shops, shop, minmay_misc_feat_enclosed
D:3:      layout_basic, shapermc_ecumenical_altar_mp_ritualfount,
          minmay_close_crescents, uniq_sigmund
D:4:      layout_basic, minmay_temple_entry_stoned_glass, uniq_edmund
D:5:      layout_rooms, nicolae_ru_awakened_eye, serial_shops,
          nicolae_shop_bloodbath_and_beyond, kennysheep_little_box,
          kennysheep_mini_moat
D:6:      layout_basic, gup_sewer_entry_pipe, nicolae_shop_vocational
D:7:      layout_basic
D:8:      layout_loops_ring, trog_butcher_becter, uniq_gastronok
D:9:      cheibrodos_shockbox, layout_basic, fedhas_ov_isle_minmay,
          enter_bailey_3, uniq_maurice
D:10:     layout_basic, nicolae_overflow_squiral, david_orc_4,
          lightli_wizard_tower, uniq_snorg, uniq_psyche, uniq_josephine,
          uniq_lodul
D:11:     layout_roguey, dpeg_lair_monsters
D:12:     layout_long_grid, chequers_serial_rivers_marsh
D:13:     hourglass_vault, layout_irregular_city,
          skrybe_vaults_entry_preservation, eino_house_with_fridge
D:14:     layout_roguey, uniq_rupert
D:15:     grunt_enter_depths_magical_seal, layout_loops_cross,
          minmay_misc_feat_rugged, elyvilon_altar_4, uniq_roxanne
Temple:   hellmonk_temple_divided_pantheon
Lair:1:   layout_loops_ring, gauntlet_entry_generic,
          chequers_serial_rivers_micro_d, eino_small_chamber_without_monster
Lair:2:   layout_cave_pods, minmay_shoals_entry_lonely_mermaid,
          spider_nest_entry_funnel_web, ebering_ghost_rock_garden
Lair:3:   layout_gridlike, lemuel_centaur_altar
Lair:4:   layout_regular_city, beast_lair_carwin_1, uniq_kirke
Lair:5:   minmay_lair_end_frog_pond, layout_layer_cave,
          nicolae_slime_entry_field_trip, infiniplex_staircase_pool
Shoals:1: nicolae_shoals_offshore_bank_account, layout_shoals,
          ebering_ghost_reflecting_pool
Shoals:2: layout_shoals, serial_shops, shop
Shoals:3: layout_shoals
Shoals:4: shoals_end_simple, layout_shoals, nicolae_shoals_lost_giant_pillars,
          nicolae_shoals_gull_way
Spider:1: layout_spider_delve, nicolae_spider_world_wide_web
Spider:2: layout_chambers
Spider:3: layout_spider_delve
Spider:4: spider_rune_water, uniq_arachne
Orc:1:    layout_caves
Orc:2:    grunt_orc_cross, layout_caves, gammafunk_ghost_fury_of_okawaru,
          uniq_donald
Elf:1:    layout_loops_cross, kennysheep_underground_church
Elf:2:    elven_hall_of_blades_hangedman_original [mumra_blade_entry_dagger],
          layout_loops_corners, gammafunk_ghost_berserking_beasts, serial_shops,
          shop, evilmike_ambush [evilmike_ambush_outer_corners,
          evilmike_ambush_inner_basic]
Elf:3:    minmay_elf_hall_curves, layout_geoelf_castle, serial_shops, shop,
          nicolae_lakefront_shop, nicolae_shop_tiny_real_fake_doors,
          minmay_elf_demonology
Vaults:1: vaults_dpeg_diagonal, nicolae_vaults_alarming,
          nicolae_vaults_network_quinsquares
          [nicolae_vaults_network_quincunx_subvault,
          nicolae_vaults_network_quincunx_subvault,
          nicolae_vaults_network_quincunx_subvault,
          nicolae_vaults_network_quincunx_subvault],
          hangedman_vaults_variations, v_alt_pattern_2,
          vaults_dpeg_emergency_exit, nicolae_vaults_specimen_jars,
          nicolae_vaults_network_square, vaults_room_grunt_arrival_ludios,
          nicolae_vaults_double_plus_1, hangedman_vaults_stretched_pinwheel,
          nicolae_vaults_diamond_1, nicolae_vaults_trapezoid_3,
          nicolae_vaults_trapezoid_1, nicolae_vaults_murderbox,
          layout_vaults_big_room, serial_shops, shop, uniq_aizul
Vaults:2: nicolae_vaults_twisting_passages, nicolae_vaults_tetromino_Z_1,
          nicolae_vaults_tetromino_T_1, hangedman_vaults_pinch,
          nicolae_vaults_little_squares_5, minmay_crypt_entry_necro_gods,
          nicolae_vaults_tetromino_Z_1, nicolae_vaults_trapezoid_lopsided_1,
          nicolae_vaults_tetromino_T_1, nicolae_vaults_mini_display_case,
          layout_vaults_omnigrid, serial_shops, nicolae_shop_just_a_little_nook
Vaults:3: nicolae_vaults_offset_grid_hallway_1, st_diamondy,
          nicolae_vaults_little_squares_6, nicolae_vaults_little_squares_1,
          v_pattern_3, hangedman_vaults_nodes, nicolae_vaults_trapezoid_3,
          ontoclasm_vaults_fault, v_misc_30, nicolae_vaults_tangram_2,
          v_misc_25, layout_vaults_maze_bifur, uniq_mennas
Vaults:4: vaults_mumra_minichess, v_rooms_1, nicolae_vaults_ring_of_whatevers,
          v_misc_15, v_misc_29, v_rooms_4, vaults_dpeg_cross,
          nicolae_vaults_six-pack, nicolae_vaults_oval_intersection,
          nicolae_vaults_rhombus_5, nicolae_vaults_apartment_2,
          layout_vaults_ring
Vaults:5: serial_shops
Crypt:1:  layout_chaotic_city, minmay_misc_feat_pillars, uniq_jory,
          uniq_josephina
Crypt:2:  layout_chaotic_city, minmay_misc_feat_hallway
Crypt:3:  due_elkab, layout_chaotic_city
Depths:1: layout_cave_shapes, gammafunk_ghost_split, hell_entry,
          minmay_fountain_box, kennysheep_vampire_church, serial_bayou_shore_b,
          serial_bayou_shore_b, grunt_megastairs_2
Depths:2: nicolae_whirlpool, layout_honeycomb, rand_demon_pan_entry_4,
          hell_entry, grunt_megastairs_1
Depths:3: minmay_triangles_in_corner, layout_basic, special_room
          [special_room_morgue], hell_entry, chequers_serial_rivers_room_a,
          pan_entry, abyss_entry, minmay_shop_star, uniq_margery
Depths:4: grunt_crosshair, layout_gridlike, enter_ziggurat_f, hell_entry,
          minmay_misc_feat_room, hangedman_decor_clover_reticule, st_stairs_1,
          minmay_shop_grove, grunt_megastairs_3, serial_bayou_shore_a,
          uniq_sojobo

Skill      XL: |  1  2  3  4  5  6  7  8  9 10 11 12 13 14 15 16 17 18 19 20 21 22 23 24 25 |
---------------+----------------------------------------------------------------------------+-----
Spellcasting   | 5 6 7 8 9 10 11 12 13 14 15 16 17 18 | 18.3
Invocations    | 1 2 3 4 5 6 7 8 9 10 11 12 13 14 15 16 17 18 19 | 19.2
Fighting       | 1 2 3 5 6 7 8 9 10 11 12 13 14 15 16 18 19 20 | 20.2
Short Blades   | 1 2 3 5 6 7 8 9 10 11 12 13 14 15 16 17 | 17.7
Long Blades    | 1 2 3 5 6 7 8 9 10 11 12 13 14 15 16 17 | 17.7
Axes           | 1 2 3 5 6 7 8 9 10 11 12 13 14 15 16 17 | 17.7
Maces & Flails | 1 2 3 5 6 7 8 9 10 11 12 13 14 15 16 17 | 17.7
Polearms       | 1 2 3 5 6 7 8 9 10 11 12 13 14 15 16 17 | 17.7
Staves         | 1 2 3 5 6 7 8 9 10 11 12 13 14 15 16 17 | 17.7
Ranged Weapons | 1 2 3 5 6 7 8 9 10 11 12 13 14 15 16 17 | 17.7
Throwing       | 1 2 3 5 6 7 8 9 10 11 12 13 14 15 16 17 | 17.7
Armour         | 1 2 3 5 6 7 8 9 10 11 12 13 14 15 16 17 | 17.7
Shields        | 1 2 3 5 6 7 8 9 10 11 12 13 14 15 16 17 | 17.7
Unarmed Combat | 1 2 3 5 6 7 8 9 10 11 12 13 14 15 16 17 | 17.7
Evocations     | 1 2 3 5 6 7 9 11 12 13 14 15 16 18 19 20 21 22 23 | 23.5
Conjurations   | 1 2 3 4 5 6 7 8 9 10 11 12 13 14 15 | 15.1
Hexes          | 1 2 3 4 5 6 7 8 9 10 11 12 13 14 15 | 15.1
Summonings     | 1 2 3 4 5 6 7 8 9 10 11 12 13 14 15 | 15.1
Necromancy     | 1 2 3 4 5 6 7 8 9 10 11 12 13 14 15 | 15.1
Translocations | 1 2 3 4 5 6 7 8 9 10 11 12 13 14 15 | 15.1
Transmutations | 1 2 3 4 5 6 7 8 9 10 11 12 13 14 15 | 15.1
Fire Magic     | 1 2 3 4 5 6 7 8 9 10 11 12 13 14 15 | 15.1
Air Magic      | 1 2 3 4 5 6 7 8 9 10 11 12 13 14 15 | 15.1
Earth Magic    | 1 2 3 4 5 6 7 8 9 10 11 12 13 14 15 | 15.1
Poison Magic   | 1 2 3 4 5 6 7 8 9 10 11 12 13 14 15 | 15.1
Dodging        | 5 6 7 8 9 10 11 12 13 14 15 16 17 18 | 18.2
Stealth        | 5 6 7 8 9 10 11 12 13 14 15 16 17 18 | 18.2
Ice Magic      | 8 9 10 11 12 13 14 15 16 | 16.5

Action                     |  1- 3 |  4- 6 |  7- 9 | 10-12 | 13-15 | 16-18 | 19-21 | 22-24 | 25-27 || total
---------------------------+-------+-------+-------+-------+-------+-------+-------+-------+-------++-------
  Melee: Unarmed           |     5 |       |       |       |       |       |       |       |       ||     5
         Short sword       |    13 |       |       |       |       |       |       |       |       ||    13
         Dagger            |    13 |    49 |    54 |    33 |   233 |    64 |     1 |       |       ||   447
         Bite              |     4 |     9 |    10 |     8 |    44 |    80 |    57 |   205 |    30 ||   447
         Staff             |       |    37 |    61 |     4 |       |    48 |   203 |   264 |    14 ||   631
         Punch             |       |     1 |     3 |     2 |       |       |       |       |       ||     6
         Trident           |       |       |       |    26 |    16 |    89 |       |       |       ||   131
         Quarterstaff      |       |       |       |     1 |       |       |       |       |       ||     1
         Demon trident     |       |       |       |       |       |   588 |   468 |   153 |   179 ||  1388
         Trishula          |       |       |       |       |       |       |       |   738 |     3 ||   741
   Fire: Shortbow          |       |       |   182 |   273 |       |       |       |       |       ||   455
  Throw: Stone             |     2 |     6 |       |       |       |       |       |       |       ||     8
         Dart              |       |     8 |    12 |     1 |     8 |   283 |       |       |       ||   312
         Boomerang         |       |     5 |     1 |     5 |   314 |       |       |       |       ||   325
         Javelin           |       |       |       |     2 |     5 |       |    24 |    15 |     5 ||    51
         Throwing net      |       |       |       |       |     2 |       |       |       |       ||     2
   Cast: Freeze            |    34 |       |     2 |     6 |       |       |       |       |       ||    42
         Frozen Ramparts   |     5 |    12 |    16 |    53 |    41 |    43 |    24 |    22 |     6 ||   222
         Ozocubu's Armour  |     3 |     3 |     7 |    19 |    22 |    19 |     3 |       |       ||    76
         Summon Ice Beast  |       |       |     3 |    41 |    38 |    44 |     9 |     1 |       ||   136
         Olgreb's Toxic Ra |       |       |       |    29 |    43 |    34 |    29 |    10 |     1 ||   146
         Blink             |       |       |       |     4 |     1 |     2 |     4 |     2 |     1 ||    14
         Freezing Cloud    |       |       |       |     6 |    24 |    50 |   117 |    56 |     7 ||   260
         Anguish           |       |       |       |     3 |       |     2 |       |       |       ||     5
         Summon Lightning  |       |       |       |       |    52 |   147 |    78 |    93 |     6 ||   376
         Ozocubu's Refrige |       |       |       |       |       |    17 |    24 |       |       ||    41
         Dispel Undead     |       |       |       |       |       |     4 |     7 |    65 |       ||    76
         Statue Form       |       |       |       |       |       |    12 |    85 |    83 |    16 ||   196
         Yara's Violent Un |       |       |       |       |       |       |    16 |    34 |     1 ||    51
         Iron Shot         |       |       |       |       |       |       |    24 |    35 |    25 ||    84
         Infestation       |       |       |       |       |       |       |       |       |    14 ||    14
 Invoke: Call Merchant     |       |       |       |       |       |       |     1 |       |       ||     1
         Potion Petition   |       |       |       |       |       |       |       |     1 |     2 ||     3
Ability: End Transformatio |       |       |       |       |       |       |       |     1 |       ||     1
  Evoke: Wand              |       |       |     3 |     8 |    17 |    30 |    12 |    40 |    17 ||   127
         Lightning rod     |       |       |       |       |       |    14 |     6 |    12 |     4 ||    36
         Condenser vane    |       |       |       |       |       |     2 |     2 |     3 |     2 ||     9
         Box of beasts     |       |       |       |       |       |     1 |       |       |     1 ||     2
         Phantom mirror    |       |       |       |       |       |       |       |     1 |       ||     1
    Use: Scroll            |       |     5 |     6 |     8 |     6 |    14 |     5 |     8 |     5 ||    57
         Potion            |       |       |     3 |     1 |     6 |     1 |     3 |     5 |     9 ||    28
   Stab: Sleeping          |     3 |    11 |     4 |     2 |     2 |     4 |    14 |    13 |     1 ||    54
         Distracted        |       |       |     1 |     1 |     5 |    24 |    12 |    37 |    11 ||    91
         Petrified         |       |       |       |       |       |       |     3 |       |       ||     3
 Armour: Robe              |     4 |     7 |    56 |    95 |    50 |   205 |    27 |    22 |     5 ||   471
         Leather armour    |       |       |       |       |     2 |       |       |       |       ||     2
         Skin              |       |       |       |       |       |    11 |   421 |   711 |   176 ||  1319
  Dodge: Dodged            |    35 |    56 |   134 |   166 |    86 |   337 |   446 |   768 |   181 ||  2209
  Block: Buckler           |       |       |       |     3 |    18 |       |       |       |       ||    21
         Kite shield       |       |       |       |       |    56 |   355 |   438 |   896 |   192 ||  1937

Table legend: (Time is in decaauts)
 A = Elapsed time spent in this place.
 B = Non-inter-level travel time spent in this place.
 C = Inter-level travel time spent in this place.
 D = Time resting spent in this place.
 E = Time spent auto-exploring this place.
 F = Levels seen in this place.
 G = Mean time per level.
                   A        B        C        D        E       F      G
               +--------+--------+--------+--------+--------+-----+--------+
         Total |  81900 |  74632 |   7268 |  17226 |  42303 |  50 | 1638.0 |
       Dungeon |  20577 |  17171 |   3406 |   2951 |  11133 |  15 | 1371.8 |
        Temple |     75 |     21 |     54 |      0 |      3 |   1 |   75.0 |
          Lair |   8857 |   7891 |    966 |   1937 |   4645 |   5 | 1771.4 |
        Shoals |   6871 |   6561 |    310 |   1099 |   4250 |   4 | 1717.8 |
   Spider Nest |   8008 |   7664 |    344 |   2968 |   3381 |   4 | 2002.0 |
  Orcish Mines |   3885 |   3502 |    383 |   1785 |    934 |   2 | 1942.5 |
   Elven Halls |   9348 |   8885 |    463 |   2053 |   4628 |   3 | 3116.0 |
        Vaults |   7761 |   6850 |    911 |   1280 |   4290 |   5 | 1552.2 |
         Crypt |   5356 |   5240 |    116 |    637 |   3192 |   3 | 1785.3 |
        Depths |   8814 |   8503 |    311 |   1521 |   5403 |   4 | 2203.5 |
         Abyss |     28 |     28 |      0 |      0 |      0 |   1 |   28.0 |
         Sewer |    460 |    460 |      0 |    100 |    210 |   1 |  460.0 |
        Bailey |    984 |    984 |      0 |    455 |    107 |   1 |  984.0 |
      Gauntlet |    870 |    870 |      0 |    436 |    125 |   1 |  870.0 |
               +--------+--------+--------+--------+--------+-----+--------+

Top non-repeatable levels by time:
   Elf:3: 4153 daAuts
   Elf:2: 3447 daAuts
   Orc:2: 3025 daAuts
  Lair:5: 2883 daAuts
    D:10: 2843 daAuts
Depths:3: 2719 daAuts
 Crypt:3: 2590 daAuts
Spider:4: 2468 daAuts
    D:11: 2238 daAuts
Vaults:4: 2191 daAuts
Shoals:2: 2077 daAuts
Depths:1: 2075 daAuts
Depths:2: 2068 daAuts
Vaults:1: 2037 daAuts
Vaults:2: 2011 daAuts

Table legend:
 A = Kills in this place as a percentage of kills in the entire game.
 B = Kills by you in this place as a percentage of kills by you in the entire game.
 C = Kills by friends in this place as a percentage of kills by friends in the entire game.
 D = Other kills in this place as a percentage of other kills in the entire game.
 E = Experience gained in this place as a percentage of experience gained in the entire game.
 F = Experience gained in this place divided by the number of levels of this place that you have seen.
                   A       B       C       D       E      F
               +-------+-------+-------+-------+-------+----------------------
         Total | 100.0 | 100.0 | 100.0 | 100.0 | 100.0 | 21214.8
       Dungeon |  18.6 |  20.9 |   8.1 |   0.0 |   7.0 | 4973.7
          Lair |  10.2 |   6.3 |  29.0 |   0.0 |   6.2 | 13157.2
        Shoals |   6.4 |   6.5 |   6.4 |   0.0 |   7.3 | 19334.0
   Spider Nest |  11.9 |  11.3 |  14.8 |  16.7 |   9.4 | 24879.5
  Orcish Mines |   5.8 |   6.1 |   4.7 |   0.0 |   2.3 | 12463.0
   Elven Halls |  10.1 |  10.8 |   6.4 |  50.0 |  13.6 | 48011.3
        Vaults |  13.3 |  14.9 |   5.8 |  16.7 |  20.3 | 43024.8
         Crypt |   9.2 |   9.6 |   7.5 |   0.0 |  12.6 | 44502.3
        Depths |  11.1 |  10.7 |  13.1 |  16.7 |  20.8 | 55236.2
         Abyss |   0.0 |   0.1 |   0.0 |   0.0 |   0.0 | 484.0
         Sewer |   1.2 |   1.4 |   0.0 |   0.0 |   0.0 | 259.0
        Bailey |   1.6 |   1.1 |   4.2 |   0.0 |   0.2 | 1648.0
      Gauntlet |   0.4 |   0.5 |   0.0 |   0.0 |   0.2 | 2565.0
               +-------+-------+-------+-------+-------+----------------------

Levels and vault maps discovered:
D:1:      erik_arrival_triangle_large, layout_basic
D:2:      layout_loops_ring, serial_shops, shop, minmay_misc_feat_enclosed
D:3:      layout_basic, shapermc_ecumenical_altar_mp_ritualfount,
          minmay_close_crescents, uniq_sigmund
D:4:      layout_basic, minmay_temple_entry_stoned_glass, uniq_edmund
D:5:      layout_rooms, nicolae_ru_awakened_eye, serial_shops,
          nicolae_shop_bloodbath_and_beyond, kennysheep_little_box,
          kennysheep_mini_moat
D:6:      layout_basic, gup_sewer_entry_pipe, nicolae_shop_vocational
D:7:      layout_basic
D:8:      layout_loops_ring, trog_butcher_becter, uniq_gastronok
D:9:      cheibrodos_shockbox, layout_basic, fedhas_ov_isle_minmay,
          enter_bailey_3, uniq_maurice
D:10:     layout_basic, nicolae_overflow_squiral, david_orc_4,
          lightli_wizard_tower, uniq_snorg, uniq_psyche, uniq_josephine,
          uniq_lodul
D:11:     layout_roguey, dpeg_lair_monsters
D:12:     layout_long_grid, chequers_serial_rivers_marsh
D:13:     hourglass_vault, layout_irregular_city,
          skrybe_vaults_entry_preservation, eino_house_with_fridge
D:14:     layout_roguey, uniq_rupert
D:15:     grunt_enter_depths_magical_seal, layout_loops_cross,
          minmay_misc_feat_rugged, elyvilon_altar_4, uniq_roxanne
Temple:   hellmonk_temple_divided_pantheon
Lair:1:   layout_loops_ring, gauntlet_entry_generic,
          chequers_serial_rivers_micro_d, eino_small_chamber_without_monster
Lair:2:   layout_cave_pods, minmay_shoals_entry_lonely_mermaid,
          spider_nest_entry_funnel_web, ebering_ghost_rock_garden
Lair:3:   layout_gridlike, lemuel_centaur_altar
Lair:4:   layout_regular_city, beast_lair_carwin_1, uniq_kirke
Lair:5:   minmay_lair_end_frog_pond, layout_layer_cave,
          nicolae_slime_entry_field_trip, infiniplex_staircase_pool
Shoals:1: nicolae_shoals_offshore_bank_account, layout_shoals,
          ebering_ghost_reflecting_pool
Shoals:2: layout_shoals, serial_shops, shop
Shoals:3: layout_shoals
Shoals:4: shoals_end_simple, layout_shoals, nicolae_shoals_lost_giant_pillars,
          nicolae_shoals_gull_way
Spider:1: layout_spider_delve, nicolae_spider_world_wide_web
Spider:2: layout_chambers
Spider:3: layout_spider_delve
Spider:4: spider_rune_water, uniq_arachne
Orc:1:    layout_caves
Orc:2:    grunt_orc_cross, layout_caves, gammafunk_ghost_fury_of_okawaru,
          uniq_donald
Elf:1:    layout_loops_cross, kennysheep_underground_church
Elf:2:    elven_hall_of_blades_hangedman_original [mumra_blade_entry_dagger],
          layout_loops_corners, gammafunk_ghost_berserking_beasts, serial_shops,
          shop, evilmike_ambush [evilmike_ambush_outer_corners,
          evilmike_ambush_inner_basic]
Elf:3:    minmay_elf_hall_curves, layout_geoelf_castle, serial_shops, shop,
          nicolae_lakefront_shop, nicolae_shop_tiny_real_fake_doors,
          minmay_elf_demonology
Vaults:1: vaults_dpeg_diagonal, nicolae_vaults_alarming,
          nicolae_vaults_network_quinsquares
          [nicolae_vaults_network_quincunx_subvault,
          nicolae_vaults_network_quincunx_subvault,
          nicolae_vaults_network_quincunx_subvault,
          nicolae_vaults_network_quincunx_subvault],
          hangedman_vaults_variations, v_alt_pattern_2,
          vaults_dpeg_emergency_exit, nicolae_vaults_specimen_jars,
          nicolae_vaults_network_square, vaults_room_grunt_arrival_ludios,
          nicolae_vaults_double_plus_1, hangedman_vaults_stretched_pinwheel,
          nicolae_vaults_diamond_1, nicolae_vaults_trapezoid_3,
          nicolae_vaults_trapezoid_1, nicolae_vaults_murderbox,
          layout_vaults_big_room, serial_shops, shop, uniq_aizul
Vaults:2: nicolae_vaults_twisting_passages, nicolae_vaults_tetromino_Z_1,
          nicolae_vaults_tetromino_T_1, hangedman_vaults_pinch,
          nicolae_vaults_little_squares_5, minmay_crypt_entry_necro_gods,
          nicolae_vaults_tetromino_Z_1, nicolae_vaults_trapezoid_lopsided_1,
          nicolae_vaults_tetromino_T_1, nicolae_vaults_mini_display_case,
          layout_vaults_omnigrid, serial_shops, nicolae_shop_just_a_little_nook
Vaults:3: nicolae_vaults_offset_grid_hallway_1, st_diamondy,
          nicolae_vaults_little_squares_6, nicolae_vaults_little_squares_1,
          v_pattern_3, hangedman_vaults_nodes, nicolae_vaults_trapezoid_3,
          ontoclasm_vaults_fault, v_misc_30, nicolae_vaults_tangram_2,
          v_misc_25, layout_vaults_maze_bifur, uniq_mennas
Vaults:4: vaults_mumra_minichess, v_rooms_1, nicolae_vaults_ring_of_whatevers,
          v_misc_15, v_misc_29, v_rooms_4, vaults_dpeg_cross,
          nicolae_vaults_six-pack, nicolae_vaults_oval_intersection,
          nicolae_vaults_rhombus_5, nicolae_vaults_apartment_2,
          layout_vaults_ring
Vaults:5: serial_shops
Crypt:1:  layout_chaotic_city, minmay_misc_feat_pillars, uniq_jory,
          uniq_josephina
Crypt:2:  layout_chaotic_city, minmay_misc_feat_hallway
Crypt:3:  due_elkab, layout_chaotic_city
Depths:1: layout_cave_shapes, gammafunk_ghost_split, hell_entry,
          minmay_fountain_box, kennysheep_vampire_church, serial_bayou_shore_b,
          serial_bayou_shore_b, grunt_megastairs_2
Depths:2: nicolae_whirlpool, layout_honeycomb, rand_demon_pan_entry_4,
          hell_entry, grunt_megastairs_1
Depths:3: minmay_triangles_in_corner, layout_basic, special_room
          [special_room_morgue], hell_entry, chequers_serial_rivers_room_a,
          pan_entry, abyss_entry, minmay_shop_star, uniq_margery
Depths:4: grunt_crosshair, layout_gridlike, enter_ziggurat_f, hell_entry,
          minmay_misc_feat_room, hangedman_decor_clover_reticule, st_stairs_1,
          minmay_shop_grove, grunt_megastairs_3, serial_bayou_shore_a,
          uniq_sojobo
